 Dungeon Crawl Stone Soup version 0.18-a0-596-g6468885 (webtiles) character file.

82786 xeno23 the Destroyer (level 14, -4/113 HPs)
             Began as a Demigod Air Elementalist on Dec 1, 2015.
             Slain by an ogre mage
             ... wielding a +0 club
              (7 damage)
             ... while paralysed by an ogre mage
             ... on level 4 of the Orcish Mines on Dec 3, 2015.
             The game lasted 03:40:30 (32234 turns).

xeno23 the Destroyer (Demigod Air Elementalist)    Turns: 32234, Time: 03:40:30

Health: -4/113     AC: 10    Str: 28    XL:     14   Next: 91%
Magic:  5/40       EV:  2    Int: 15    God:
Gold:   2267       SH:  0    Dex: 21    Spells: 8 memorised, 9 levels left

rFire  . . .     SeeInvis .     n - +0 triple sword (flame)
rCold  + + .     Clarity  .     r - +1 leather armour "Amoa" {Str+3 Dex+5}
rNeg   . . .     SustAt   +     (shield currently unavailable)
rPois  +         Gourm    .     T - +0 helmet
rElec  .         Spirit   .     u - +0 cloak
rCorr  .         Dismiss  .     w - +1 pair of gloves
rMut   .         Stasis   .     (no boots)
MR     +....                    e - amulet "Diropiarr" {rPois rC++ Regen+ MP+9 Int-4}
Stlth  ++........               x - +6 ring of evasion
                                V - +4 ring of strength

@: paralysed, repel missiles, somewhat resistant to hostile enchantments,
unstealthy
A: high mp 1, mutation resistance 1, strong 1, sustain attributes
a: no special abilities


You were on level 4 of the Orcish Mines.
You were near starving.

You visited 3 branches of the dungeon, and saw 24 of its levels.
You also visited: Labyrinth and Volcano.

You collected 2442 gold pieces.
You spent 175 gold pieces at shops.

Inventory:

Hand Weapons
 n - a +0 triple sword of flaming (weapon)
 P - a +0 double sword
Armour
 a - a +2 robe of magic resistance
 r - the +1 leather armour "Amoa" (worn) {Str+3 Dex+5}
   (You bought it in a shop on level 4 of the Orcish Mines)

   It affects your strength (+3).
   It affects your dexterity (+5).
 t - a +2 ring mail of fire resistance
 u - a +0 cloak (worn)
 w - a +1 pair of gloves (worn)
 E - a +0 buckler of positive energy
 I - a +2 scale mail of fire resistance
 T - a +0 helmet (worn)
Jewellery
 e - the amulet "Diropiarr" (around neck) {rPois rC++ Regen+ MP+9 Int-4}
   (You found it in a labyrinth)

   [amulet of regeneration]

   It affects your intelligence (-4).
   It greatly protects you from cold.
   It protects you from poison.
   It affects your magic capacity (+9).
   It increases your rate of regeneration.
 m - an uncursed ring of protection from fire
 x - a +6 ring of evasion (right hand)
 y - the amulet of Moodiness {Inacc Int+2 SInv}
   (You found it on level 7 of the Lair of Beasts)

   [amulet of inaccuracy]

   It reduces the accuracy of all your attacks.
   It affects your intelligence (+2).
   It lets you see invisible.
 A - an uncursed ring of teleportation
 Q - an uncursed ring of flight
 V - a +4 ring of strength (left hand)
Wands
 v - a wand of disintegration (10)
 F - a wand of flame (16)
 N - a wand of digging (3)
 S - a wand of polymorph (14)
 Y - a wand of invisibility (7)
Scrolls
 f - a scroll of magic mapping
 i - 4 scrolls of immolation
 j - 9 scrolls of remove curse
 l - 2 scrolls of enchant weapon
 B - a scroll of fear
 G - a scroll of identify
 O - 2 scrolls of enchant armour
Potions
 g - 5 potions of ambrosia
 h - a potion of brilliance {unknown}
 k - 6 potions of might
 p - 5 potions of curing
 q - 2 potions of cure mutation
 z - 3 potions of cancellation
 C - 3 potions of agility
 J - 2 potions of invisibility
Comestibles
 b - 3 chunks of flesh
 c - a slice of pizza
 d - 35 fruits
 o - a bread ration
 s - 11 meat rations
 R - 2 beef jerkies


   Skills:
 - Level 7.4 Fighting
 * Level 9.1 Long Blades
 + Level 8.4 Armour
 - Level 6.5 Dodging
 - Level 1.7 Stealth
 - Level 4.0 Shields
 - Level 8.5 Spellcasting
 - Level 10.7 Conjurations
 - Level 7.7 Charms
 - Level 7.0 Necromancy
 - Level 10.5 Air Magic


You had 9 spell levels left.
You knew the following spells:

 Your Spells              Type           Power        Failure   Level  Hunger
a - Shock                 Conj/Air       ####         1%          1    None
b - Swiftness             Chrm/Air       ####....     1%          2    None
c - Shroud of Golubria    Chrm/Tloc      ###.......   4%          2    None
e - Regeneration          Chrm/Necr      ####......   1%          3    ##.....
q - Static Discharge      Conj/Air       #####...     1%          3    ##.....
r - Repel Missiles        Chrm/Air       ####..       1%          2    None
s - Spectral Weapon       Hex/Chrm       ###.....     10%         3    ##.....
w - Lightning Bolt        Conj/Air       #####.....   6%          5    #####..


Dungeon Overview and Level Annotations

Branches:
Dungeon (12/15)            Temple (0/1) D:6            Lair (8/8) D:11
  Swamp (0/4) Lair:5        Snake (0/4) Lair:4        Slime (0/6) Lair:8
    Orc (4/4) D:12            Elf (0/3) Orc:4

Shops:
D:5 %   D:11 *   Orc:4 [((

Annotations:
D:11 exclusion: upstairs


Innate Abilities, Weirdness & Mutations

You have an increased reservoir of magic (+10% MP).
Your attributes are resistant to harm.
You are somewhat resistant to further mutation.
Your muscles are strong. (Str +2)


Message History

The ogre mage is moderately wounded.
The ogre mage closely misses you. The orc warrior barely misses you.
The ogre mage casts a spell at you.
You suddenly lose the ability to move!
The orc warrior hits you with a battleaxe!!
The ogre mage hits you with a club.
The ogre mage points at you and mumbles some strange words.
You shrug off the repeated paralysis!
The orc warrior hits you with a battleaxe!
The ogre mage hits you with a club. The ogre mage hits you with a club.
The orc warrior hits you with a battleaxe!!
* * * LOW HITPOINT WARNING * * *
The ogre mage hits you with a club.
* * * LOW HITPOINT WARNING * * *
The orc warrior hits you with a battleaxe!
* * * LOW HITPOINT WARNING * * *
The ogre mage hits you but does no damage.
The ogre mage hits you with a club!
You die...

.............#.##...........())..
..............#########....(.....
.....#####..#############§§§.....
....## ########≈§≈§≈#####≈§§....
...## ≈≈ #≈§§≈§§§§§≈≈§§#§≈§....
∩.## ...##...§§§≈≈§≈≈##§§≈§...
..# #8..'..§§≈§§§8###≈≈§§.... ..#
....#.8)o.......###§§§... ###
....)..O@)........#§§§...
....#..≈§≈...≈≈≈..##§≈.§. .
#####≈).#####.∩#≈§§..
#≈.))≈≈≈..##≈§...
#§........#≈≈≈...
#≈......###§##§.#
#§.).####§≈§##≈.#
#≈..))≈≈§§≈≈§§...
#§....§.§§§..§...


You could see an ogre mage and an orc warrior.

Vanquished Creatures
  Rupert (Lair:4)
  Snorg (Lair:4)
  A minotaur (Lab)
  6 hydras
  An ogre mage (Orc:4)
  Harold (Lair:4)
  Erolcha (Orc:4)
  A catoblepas (Lair:5)
  5 death yaks
  Nergalle (Lair:4)
  An unseen horror (D:10)
  A fire crab (Lair:6)
  5 wizards (D:10)
  The ghost of Armakuni the Twirler, a novice DEAK of Lugonu (D:6)
  5 hill giants
  2 cyclopes
  A manticore (D:11)
  7 orc sorcerers
  2 ugly things
  4 black mambas
  Maurice (Orc:4)
  11 elephants
  A torpor snail (Lair:7)
  Psyche (D:9)
  A centaur zombie (D:11)
  8 gargoyles (Lab)
  A kobold demonologist (D:12)
  6 komodo dragons
  19 spiny frogs
  3 polar bears
  3 fire drakes
  A giant leech (Lair:5)
  4 trolls
  21 blink frogs
  3 slime creatures (D:12)
  A hornet zombie (D:11)
  5 redbacks (Lair:8)
  14 spriggans
  2 two-headed ogres
  55 yaks
  2 shadows (D:11)
  2 basilisks
  6 hippogriffs
  2 hungry ghosts
  2 wyverns
  A warg (Orc:4)
  28 wolves
  2 swamp worms (Lair:5)
  17 water moccasins
  Duvessa (D:6)
  9 black bears
  15 orc warriors
  The ghost of Duffy the Chucker, an amateur OgHu (D:3)
  2 eyes of draining
  7 sky beasts
  12 ogres
  7 wasps
  2 necrophages
  3 phantoms
  4 ice beasts
  13 porcupines
  12 centaurs
  3 boggarts (D:10)
  14 crocodiles
  A gnoll sergeant (D:12)
  18 giant frogs
  A wyvern skeleton (D:8)
  Dowan (D:6)
  6 scorpions
  A killer bee (D:9)
  5 electric eels
  6 wights
  10 jellies
  9 crimson imps
  3 giant frog skeletons
  7 hounds
  3 centaur skeletons
  A giant frog zombie (D:12)
  20 orc priests
  42 orc wizards
  Natasha (twice) (D:2 D:4)
  8 iguanas
  8 worker ants
  4 sheep (Lair:3)
  2 killer bee zombies
  A hound zombie (D:5)
  2 worker ant zombies (D:5)
  18 adders
  6 gnolls
  27 river rats
  3 shadow imps
  3 oozes (Lair:8)
  4 worms
  7 giant geckos
  140 orcs
  14 bats
  6 giant cockroaches
  8 hobgoblins
  9 jackals
  6 kobolds
  8 quokkas
  A ball python (D:9)
  A giant gecko skeleton (D:5)
  2 giant gecko zombies (D:8)
  7 giant newts
  8 goblins
  A jackal skeleton (D:7)
  A quokka skeleton (D:6)
  8 rats
  3 fungi
  2 plants (Lair:6)
830 creatures vanquished.

Vanquished Creatures (others)
  A redback (Lair:8)
  An orc warrior (D:6)
  An orc wizard (Orc:4)
  33 fungi
  14 plants
50 creatures vanquished.

Grand Total: 880 creatures vanquished

Notes
Turn   | Place    | Note
--------------------------------------------------------------
     0 | D:1      | xeno23 the Demigod Air Elementalist began the quest for the Orb.
     0 | D:1      | Reached XP level 1. HP: 14/14 MP: 5/5
     2 | D:1      | Reached skill level 1 in Conjurations
   200 | D:1      | Reached XP level 2. HP: 7/20 MP: 0/7
   421 | D:1      | Reached skill level 3 in Air Magic
   920 | D:2      | Noticed Natasha
   959 | D:2      | Reached XP level 3. HP: 24/26 MP: 2/9
  1004 | D:2      | Killed Natasha
  1127 | D:2      | Reached skill level 4 in Fighting
  1127 | D:2      | Reached skill level 6 in Air Magic
  1127 | D:2      | Reached XP level 4. HP: 31/40 MP: 9/13
  1131 | D:2      | Learned a level 2 spell: Swiftness
  1134 | D:2      | Learned a level 2 spell: Repel Missiles
  1138 | D:2      | Learned a level 3 spell: Static Discharge
  1487 | D:2      | Reached XP level 5. HP: 33/46 MP: 10/15
  1701 | D:3      | Reached skill level 7 in Air Magic
  1767 | D:3      | Learned a level 5 spell: Lightning Bolt
  1791 | D:3      | Noticed a water moccasin
  1798 | D:3      | Killed a water moccasin
  1798 | D:3      | Reached XP level 6. HP: 24/52 MP: 0/16
  2062 | D:3      | Noticed Duffy's ghost (amateur OgHu)
  2074 | D:3      | Killed Duffy's ghost
  2074 | D:3      | Reached skill level 5 in Conjurations
  2434 | D:4      | Reached skill level 5 in Spellcasting
  2529 | D:4      | Reached XP level 7. HP: 59/59 MP: 9/18
  2839 | D:4      | Noticed Natasha
  2840 | D:4      | Killed Natasha
  3143 | D:4      | Found an opulent altar of Gozag.
  3214 | D:4      | Found a sacrificial altar of Ru.
  3259 | D:5      | Entered Level 5 of the Dungeon
  3519 | D:5      | Reached XP level 8. HP: 54/66 MP: 11/20
  3825 | D:5      | Reached skill level 8 in Air Magic
  3917 | D:5      | Found Entikot's Food Shoppe.
  3975 | D:6      | Found a staircase to the Ecumenical Temple.
  4026 | D:6      | Noticed Dowan
  4125 | D:6      | Reached skill level 1 in Long Blades
  4299 | D:6      | Gained mutation: Your muscles are strong. (Str +2) [potion of mutation]
  4299 | D:6      | Gained mutation: You are somewhat resistant to further mutation. [potion of mutation]
  4359 | D:6      | Found a deep blue altar of Sif Muna.
  4381 | D:6      | Found a bloodstained altar of Trog.
  4393 | D:6      | Found a shattered altar of Ashenzari.
  4404 | D:6      | Found a shadowy altar of Dithmenos.
  4426 | D:6      | Found a snail-covered altar of Cheibriados.
  4999 | D:6      | Noticed Armakuni's ghost (novice DEAK)
  5023 | D:6      | Paralysed by Armakuni's ghost for 4 turns
  5052 | D:6      | Paralysed by Armakuni's ghost for 6 turns
  5701 | D:7      | Reached XP level 9. HP: 46/71 MP: 21/21
  5872 | D:7      | Learned a level 3 spell: Regeneration
  5875 | D:7      | Learned a level 2 spell: Shroud of Golubria
  6237 | D:8      | Reached skill level 1 in Charms
  6258 | D:8      | Reached skill level 1 in Armour
  6750 | D:8      | Found a deep blue altar of Sif Muna.
  7275 | D:6      | Killed Dowan
  7283 | D:6      | Noticed Duvessa
  7289 | D:6      | Killed Duvessa
  7308 | D:6      | Identified a +1 rod of clouds (14/14) (You found it on level 8 of the Dungeon)
  7550 | D:6      | Killed Armakuni's ghost
  7737 | D:5      | Reached XP level 10. HP: 67/78 MP: 19/22
  8349 | D:9      | Noticed Psyche
  8355 | D:9      | Killed Psyche
  8774 | D:9      | Found a radiant altar of Vehumet.
  8994 | D:9      | Found a blossoming altar of Fedhas.
  9173 | D:10     | Entered Level 10 of the Dungeon
  9175 | D:10     | Noticed a hill giant
  9182 | D:10     | Killed a hill giant
  9182 | D:10     | Reached skill level 9 in Air Magic
  9523 | D:10     | Got a warped large shield
  9529 | D:10     | Identified the cursed +0 large shield of Ytuenwelae {rPois MR- Int+3 Dex+5} (You found it on level 10 of the Dungeon)
  9556 | D:10     | Noticed a hill giant
  9569 | D:10     | Killed a hill giant
  9835 | D:10     | Noticed a wizard
  9837 | D:10     | Noticed a wizard
 10015 | D:11     | Noticed a manticore
 10104 | D:11     | Noticed a white ugly thing
 10107 | D:11     | Killed a manticore
 10107 | D:11     | Reached skill level 5 in Fighting
 10417 | D:11     | Reached XP level 11. HP: 32/88 MP: 0/24
 10678 | D:11     | Reached skill level 5 in Armour
 11127 | D:10     | Killed an unseen horror
 11723 | D:10     | Noticed a wizard
 11868 | D:10     | Paralysed by a wizard for 5 turns
 12225 | D:10     | Killed a wizard
 12225 | D:10     | Reached skill level 5 in Dodging
 12685 | D:10     | Killed a wizard
 12734 | D:10     | Got a steaming short sword
 12736 | D:10     | Got an ichor-stained scale mail
 13150 | D:11     | Found Bemn's Pet Rocks.
 13357 | D:11     | Found a staircase to the Lair.
 13637 | D:11     | Reached skill level 10 in Air Magic
 13814 | Lair:1   | Entered Level 1 of the Lair of Beasts
 13815 | Lair:1   | Upgraded the game from 0.18-a0-455-gc7d4c65 to 0.18-a0-596-g6468885
 13826 | Lair:1   | Identified the +2 scale mail "Joik" {Dex+2} (You found it on level 10 of the Dungeon)
 13836 | Lair:1   | Identified the cursed +1 short sword "Impslayer" {drain, rN+ Dex+6} (You found it on level 10 of the Dungeon)
 13843 | Lair:1   | Noticed an eight-headed hydra
 13946 | Lair:2   | Noticed a five-headed hydra
 14122 | Lair:2   | Found a labyrinth entrance.
 14131 | Lab      | Entered a labyrinth
 14403 | Lab      | HP: 1/136 [gargoyle/enchanted dire flail (17)]
 14751 | Lab      | Reached XP level 12. HP: 14/97 MP: 1/25
 15284 | Lab      | Found an exit through the horrors of the Abyss.
 15934 | Lab      | Noticed a minotaur
 15955 | Lab      | HP: 4/97 [minotaur (3)]
 15956 | Lab      | Killed a minotaur
 16014 | Lab      | Got a translucent crystal amulet
 16017 | Lab      | Identified the amulet "Diropiarr" {rPois rC++ Regen+ MP+9 Int-4} (You found it in a labyrinth)
 16493 | Lair:2   | Killed a five-headed hydra
 17088 | Lair:3   | Noticed a six-headed hydra
 17108 | Lair:2   | Killed a six-headed hydra
 17108 | Lair:2   | Reached skill level 1 in Necromancy
 17751 | Lair:3   | Noticed a six-headed hydra
 17762 | Lair:3   | Killed a six-headed hydra
 17883 | Lair:3   | Reached skill level 5 in Charms
 18463 | Lair:4   | Noticed Nergalle
 18472 | Lair:4   | Noticed Snorg
 18639 | Lair:4   | Noticed Harold
 18922 | Lair:4   | HP: 1/100 [Snorg (13)]
 18925 | Lair:4   | Killed Snorg
 19060 | Lair:4   | Found a staircase to the Snake Pit.
 19085 | Lair:4   | Noticed Rupert
 19234 | Lair:5   | Reached skill level 5 in Necromancy
 19295 | Lair:5   | Reached XP level 13. HP: 86/105 MP: 17/26
 19672 | Lair:5   | Found a staircase to the Swamp.
 20515 | Lair:6   | Found a blossoming altar of Fedhas.
 22578 | Lair:7   | Reached skill level 10 in Conjurations
 23249 | Lair:7   | Got a twitching graven amulet
 23267 | Lair:7   | Identified the amulet of Moodiness {Inacc Int+2 SInv} (You found it on level 7 of the Lair of Beasts)
 23687 | Lair:8   | Entered Level 8 of the Lair of Beasts
 24074 | Lair:8   | Reached XP level 14. HP: 109/113 MP: 25/31
 24874 | Lair:8   | Reached skill level 1 in Shields
 25145 | Lair:8   | Got a pair of faintly humming boots
 25151 | Lair:8   | Identified the +2 pair of boots of the Doldrums {rN++ Int-5} (You found it on level 8 of the Lair of Beasts)
 25249 | Lair:8   | Found a staircase to the Slime Pits.
 26228 | Lair:4   | Killed Harold
 26597 | Lair:4   | Killed Rupert
 26597 | Lair:4   | Reached skill level 5 in Long Blades
 26761 | Lair:4   | Killed Nergalle
 27976 | Lair:1   | Learned a level 3 spell: Spectral Weapon
 29181 | D:12     | Found a staircase to the Orcish Mines.
 29243 | Orc:1    | Entered Level 1 of the Orcish Mines
 29322 | Orc:1    | Found a dark tunnel.
 29330 | Volcano  | Entered a volcano
 30667 | Orc:2    | Found a roughly hewn altar of Beogh.
 31126 | Orc:3    | Found a burning altar of Makhleb.
 31461 | Orc:4    | Entered Level 4 of the Orcish Mines
 31563 | Orc:4    | Found Corghenia's Antique Armour Shoppe.
 31579 | Orc:4    | Bought a heavily runed leather armour for 175 gold pieces
 31590 | Orc:4    | Identified the cursed +1 leather armour "Amoa" {Str+3 Dex+5} (You bought it in a shop on level 4 of the Orcish Mines)
 31626 | Orc:4    | Found a staircase to the Elven Halls.
 31805 | Orc:4    | Noticed Maurice
 31814 | Orc:4    | Killed Maurice
 32120 | Orc:4    | Found Noujul's Antique Weapon Boutique.
 32124 | Orc:4    | Paralysed by an orc sorcerer for 6 turns
 32174 | Orc:4    | Found Qaril's Antique Weapon Shop.
 32204 | Orc:4    | Noticed Erolcha
 32210 | Orc:4    | Killed Erolcha
 32219 | Orc:4    | Paralysed by an ogre mage for 3 turns
 32229 | Orc:4    | Paralysed by an ogre mage for 6 turns
 32233 | Orc:4    | HP: 2/113 [orc warrior/battleaxe (12)]
 32234 | Orc:4    | Slain by an ogre mage

Vault maps used:
D:1:      dpeg_arrival_boxorama
D:2:      serial_bayou_pond_c, minmay_joined_circles, uniq_natasha
D:4:      nicolae_ru_path_of_blood, lemuel_round_altar, grunt_decor_resistance
D:5:      kennysheep_six_static_rooms, serial_shops, shop, first_bread
D:6:      nicolae_overflow_quartered_altars, minmay_temple_entry_large_hall,
          basic_altar, nicolae_water_bricks, uniq_duvessa
D:8:      lemuel_blue_sif_altar
D:9:      vehumet_crystals, hangedman_tree_tricks, uniq_psyche
D:10:     minmay_smoke_and_mirrors
D:11:     minmay_lair_entry_lava, guppyfry_shop_earth
D:12:     erik_orc_2, nrook_pool_corridor
Lair:1:   infiniplex_staircase_pool
Lair:2:   lab_entry_generic
Lair:3:   lemuel_fruit_fields, infiniplex_staircase_pool_2, grunt_megastairs_3
Lair:4:   guppyfry_snake_entry_garden, minivault_27, uniq_harold, uniq_nergalle,
          uniq_snorg, uniq_rupert
Lair:5:   minmay_swamp_entry_worms, lemuel_fruit_fields
Lair:6:   wad_woods_stonehenge, st_stairs_3, bh_autumn_forest_stairs
Lair:8:   minmay_lair_end_enchanted_forest, nicolae_slime_entry_slimehenge
Orc:1:    lightli_volcano_entry_magma_tube, nicolae_orc_stony_grotto
Orc:2:    basic_altar
Orc:3:    nicolae_orc_pool_cavern, bloody_makhleb
Orc:4:    kennysheep_orc_mage_school, serial_shops, shop, uniq_maurice
Lab:      nicolae_lab_x, lab_hedge, nicolae_lab_lava, labyrinth_fake_exit
Volcano:  volcano_pools

Action                   |  1- 3 |  4- 6 |  7- 9 | 10-12 | 13-15 || total
-------------------------+-------+-------+-------+-------+-------++-------
Melee: Unarmed           |    52 |    56 |    13 |       |       ||   121
       Scimitar          |       |       |    24 |       |       ||    24
       Mace              |       |       |    95 |   429 |   381 ||   905
       Double sword      |       |       |       |       |   277 ||   277
       Triple sword      |       |       |       |       |   207 ||   207
 Cast: Shock             |    56 |    90 |   333 |   486 |   604 ||  1569
       Static Discharge  |       |     6 |    20 |    79 |   128 ||   233
       Repel Missiles    |       |     1 |     2 |     8 |     2 ||    13
       Lightning Bolt    |       |       |     9 |   111 |   169 ||   289
       Swiftness         |       |       |     1 |     6 |     4 ||    11
       Regeneration      |       |       |     7 |    57 |    30 ||    94
       Shroud of Golubri |       |       |     4 |    13 |     3 ||    20
 Abil: Evoke Teleportati |       |       |       |     9 |       ||     9
       Evoke Flight      |       |       |       |       |     1 ||     1
Evoke: Wand              |       |       |       |     5 |     4 ||     9
  Use: Scroll            |     6 |     3 |     4 |    37 |     7 ||    57
       Potion            |     1 |       |     1 |    11 |     6 ||    19
 Stab: Sleeping          |       |       |     2 |       |       ||     2
  Eat: Chunk             |     1 |     5 |    14 |    64 |    77 ||   161
       Pizza             |       |       |     2 |       |     1 ||     3
       Royal jelly       |       |       |     1 |     3 |     1 ||     5
       Bread ration      |       |       |       |     4 |     1 ||     5
       Beef jerky        |       |       |       |     3 |     1 ||     4
       Fruit             |       |       |       |     1 |     6 ||     7
       Meat ration       |       |       |       |       |     2 ||     2
